 Dungeon Crawl Stone Soup version 0.31-a0-848-gaac375c287 (webtiles) character file.

Game seed: 5905913174017839501

18 Aneyh the Trooper (level 2, -1/19 HPs)
             Began as a Tengu Monk on Oct 5, 2023.
             Slain by a cerulean imp
             ... wielding a +2 spear
             ... summoned by Natasha
              (5 damage)
             ... on level 2 of the Dungeon.
             The game lasted 00:00:47 (762 turns).

Aneyh the Trooper (Tengu Monk)                       Turns: 762, Time: 00:00:47

Health: -1/19      AC:  3    Str: 11    XL:     2   Next: 70%
Magic:  3/3        EV: 28    Int: 10    God:
Gold:   71         SH:  0    Dex: 16    Spells: 1/1 levels left

rFire   . . .        a - +0 spear
rCold   . . .        (no shield)
rNeg    . . .        j - +0 leather armour
rPois   .            (helmet restricted)
rElec   .            (no cloak)
rCorr   .            (no gloves)
SInv    .            (boots unavailable)
Will    .....        (no amulet)
Stlth   +            (no ring)
HPRegen 0.23/turn    (no ring)
MPRegen 0.08/turn

%: acrobat
@: acrobatic, slowed, very slow
A: beak, talons 3, acrobatic
a: no special abilities


You were on level 2 of the Dungeon.
You visited 1 branch of the dungeon, and saw 2 of its levels.

You collected 71 gold pieces.

Inventory:

Hand Weapons
 a - a +0 spear (weapon)
Missiles
 f - 8 poisoned darts
Armour
 j - a +0 leather armour (worn)
Scrolls
 b - a scroll of amnesia {unknown}
 d - a scroll of immolation {unknown}
 e - a scroll of identify {unknown}
 g - a scroll of blinking {unknown}
 h - a scroll of fog {unknown}
 k - a scroll of teleportation {unknown}
 l - a scroll of fear {unknown}
Potions
 c - a potion of ambrosia
 i - a potion of degeneration {unknown}


   Skills:
 + Level 3.6 Fighting
 + Level 3.5 Polearms
 + Level 3.4 Dodging
 + Level 0.1 Stealth


You had one spell level left.
You didn't know any spells.
Your spell library was empty.

Dungeon Overview and Level Annotations

Branches:
Dungeon (2/15)

Altars:
Gozag

Annotations:
D:2 Natasha


Innate Abilities, Weirdness & Mutations

You have a beak for a mouth.
You have claws for feet.
You can magically evade attacks while moving or waiting.


Message History

You resist with significant effort.
Natasha stares at you and mumbles some strange words.
You feel yourself slow down.
Natasha is nearby!
You reach to attack!
You closely miss Natasha. You hit Natasha but do no damage.
Your kick misses Natasha.
Natasha wildly gestures.
Natasha shimmers violently.
Natasha barely misses you.
Natasha extends her claws.
Natasha claws you.
You are too injured to fight recklessly!
You are too injured to fight recklessly!
Natasha barely misses you.
Natasha mumbles some strange words.
The cerulean imp completely misses you.
Natasha casts a spell.
The cerulean imp completely misses you. The cerulean imp misses you.
The cerulean imp completely misses you. Natasha completely misses you.
The cerulean imp misses you. The cerulean imp completely misses you.
Natasha howls an incantation.
You feel troubled.
The cerulean imp hits you from afar with a +2 spear.
The cerulean imp barely misses you. Natasha barely misses you.
Natasha casts a spell at you.
You feel as though you will be slow longer.
The cerulean imp attacks as it pursues you!
The cerulean imp hits you but does no damage.
The cerulean imp completely misses you.
The cerulean imp attacks as it pursues you!
The cerulean imp misses you.
The cerulean imp hits you from afar with a +2 spear.
* * * LOW HITPOINT WARNING * * *
Natasha stares at you and mumbles some strange words.
You resist with significant effort.
Natasha hisses.
The cerulean imp completely misses you.
The cerulean imp attacks as it pursues you!
The cerulean imp hits you from afar with a +2 spear.
You die...

#... #..# #..#
#..# #..# #..#
#..# #..#
#..#########..#
#.............#
##.####......##
##...##.......#
#..@.5.5......#
##...##h......#
##.###......##
### #.#...##
#.##.## #.##.#
#.##.# #.##.#
#.##.#


You could see Natasha and 2 cerulean imps.

Vanquished Creatures
  A dart slug (D:1)
  2 endoplasms (D:1)
  2 giant cockroaches (D:1)
  2 hobgoblins (D:1)
  A quokka (D:1)
  3 ball pythons (D:1)
  A bat (D:2)
  2 kobolds (D:1)
  2 rats (D:1)
16 creatures vanquished.

Notes
Turn   | Place    | Note
-------+----------+-------------------------------------------
     0 | D:1      | Aneyh the Tengu Monk began the quest for the Orb.
     0 | D:1      | Reached XP level 1. HP: 14/14 MP: 2/2
   108 | D:1      | Reached XP level 2. HP: 6/19 MP: 3/3
   664 | D:1      | Found an opulent altar of Gozag.
   746 | D:2      | Noticed Natasha
   762 | D:2      | Slain by a cerulean imp

Illustrated notes

Levels and vault maps discovered:
D:1:      dpeg_arrival_water_altar, layout_basic, minmay_misc_feat_encased,
          grunt_decor_one_mirror, minmay_tromino_v4_a
D:2:      layout_loops_ring, uniq_natasha

Action                     || total
---------------------------++-------
  Melee: Spear             ||    41
         Kick              ||     6
         Peck              ||     3
   Stab: Sleeping          ||     2
         Distracted        ||     1
 Armour: Robe              ||     8
         Leather armour    ||    10
  Dodge: Dodged            ||    31

Table legend: (Time is in decaauts)
 A = Elapsed time spent in this place.
 B = Non-inter-level travel time spent in this place.
 C = Inter-level travel time spent in this place.
 D = Time resting spent in this place.
 E = Time spent auto-exploring this place.
 F = Levels seen in this place.
 G = Mean time per level.
                   A        B        C        D        E       F      G
               +--------+--------+--------+--------+--------+-----+--------+
         Total |    767 |    714 |     53 |     56 |    517 |   2 |  383.5 |
       Dungeon |    767 |    714 |     53 |     56 |    517 |   2 |  383.5 |
               +--------+--------+--------+--------+--------+-----+--------+

Top non-repeatable levels by time:
     D:1: 723 daAuts
     D:2: 43 daAuts
